 Dungeon Crawl Stone Soup version 0.30-a0-1008-g30c9307041 (webtiles) character file.

Game seed: 11361517777355011578

66 dialectric the Trooper (level 3, -4/29 HPs)
             Began as a Demonspawn Fighter on Apr 6, 2023.
             Slain by Sigmund
             ... wielding a +0 scythe
              (8 damage)
             ... on level 2 of the Dungeon.
             The game lasted 00:01:10 (1192 turns).

dialectric the Trooper (Demonspawn Fighter)         Turns: 1192, Time: 00:01:11

Health: -4/29      AC:  6    Str: 18    XL:     3   Next: 96%
Magic:  3/3        EV:  9    Int:  9    God:
Gold:   102        SH:  0    Dex: 12    Spells: 2/2 levels left

rFire   . . .      SeeInvis .    a - +0 long sword
rCold   . . .      Faith    .    (no shield)
rNeg    . . .      Spirit   .    b - +0 scale mail
rPois   .          Reflect  .    (no helmet)
rElec   .          Rampage  .    (no cloak)
rCorr   .                        (no gloves)
Will    .....                    (no boots) Stlth
                                 (no amulet)
HPRegen 0.24/turn                (no ring)
MPRegen 0.08/turn                (no ring)

@: mighty
A: foul stench 1, condensation shield
a: no special abilities


You were on level 2 of the Dungeon.
You visited 1 branch of the dungeon, and saw 2 of its levels.

You collected 102 gold pieces.

Inventory:

Hand Weapons
 a - a +0 long sword (weapon)
Missiles
 f - 6 javelins (quivered)
Armour
 b - a +0 scale mail (worn)
 c - a +0 buckler
Jewellery
 k - an amulet of magic regeneration
Scrolls
 d - a scroll of identify {unknown}
 e - 2 scrolls of teleportation {unknown}
 j - a scroll of poison {unknown}
Potions
 g - a potion of heal wounds {unknown}
 h - a potion of might
 i - a potion of curing {unknown}


   Skills:
 + Level 3.5 Fighting
 + Level 2.8 Long Blades
 + Level 3.2 Armour
 + Level 0.4 Dodging
 - Level 2.6 Shields


You had 2 spell levels left.
You didn't know any spells.
Your spell library contained the following spells:

 Spells                   Type           Power      Damage    Failure   Level
 Magic Dart               Conj           0%         1d3       77%         1
 Cigotuvi's Dreadful Rot  Necr/Pois/Air  0%         N/A       88%         2
 Searing Ray              Conj           0%         2d4       88%         2
 Dispel Undead            Necr           0%         3d6       100%        4
 Fulminant Prism          Conj/Hex       0%         3d5       100%        4
 Death Channel            Necr           0%         N/A       100%        6


Dungeon Overview and Level Annotations

Branches:
Dungeon (2/15)

Altars:

Shops:
D:2 ::

Annotations:
D:2 Sigmund


Innate Abilities, Weirdness & Mutations

You may rarely emit foul miasma when damaged in melee.
A meltable shield of frost defends you. (SH +0)


Message History

The giant cockroach bites you but does no damage.
The giant cockroach barely misses you.
You barely miss the giant cockroach.
The giant cockroach completely misses you.
You hit the giant cockroach.
The giant cockroach is almost dead.
The giant cockroach bites you but does no damage. x2
You hit the giant cockroach.
You kill the giant cockroach!
No target in view!
No target in view!
No target in view!
No target in view!
No target in view!
Sigmund and a quokka come into view.
Sigmund shouts!
There are monsters nearby!
Sigmund gestures at you while chanting. The puff of flame hits you!
Your condensation shield dissipates!
There are monsters nearby!
You barely miss the quokka. The quokka barely misses you. The quokka bites you.
The quokka bites you but does no damage.
The quokka attacks as you move away! The quokka barely misses you.
The quokka attacks as you move away!
The quokka bites you but does no damage.
The quokka bites you but does no damage.
You feel very mighty all of a sudden. The quokka bites you.
You slash the quokka!
You kill the quokka!
Sigmund hits you from afar with a +0 scythe.
You see here a quokka corpse.
Sigmund gestures wildly while chanting.
Sigmund flickers and vanishes!
Deactivating autopickup; reactivate with Ctrl-A.
You barely miss something. Something hits you!
* * * LOW HITPOINT WARNING * * *
You barely miss something. Something hits you!
You die...

.............#
#.......
.............#
########
..............#
######
..............#
#.....
..............
#.....
..........##.#
#.....
.......$..##.#
#.....
..........##†#
#.....
....(......{@#
#.....
..........####
#.....
..........#
#.....
..........#
###### #.....
#######.###
#....# #.....
#.# #....#
#####. #.#
#....##### #.
#.# #.#......#
#. #.#
#.#..###.#####.


There were no monsters in sight!

Vanquished Creatures
  2 adders (D:2)
  3 dart slugs (D:1)
  2 ball pythons
  4 bats (D:1)
  3 endoplasms (D:1)
  5 giant cockroaches
  A goblin (D:1)
  4 hobgoblins (D:1)
  3 jackals (D:1)
  3 quokkas
  4 frilled lizards (D:1)
  3 kobolds (D:1)
  A rat (D:2)
38 creatures vanquished.

Notes
Turn   | Place    | Note
-------+----------+-------------------------------------------
     0 | D:1      | dialectric the Demonspawn Fighter began the quest for the
                  | Orb.
     0 | D:1      | Reached XP level 1. HP: 18/18 MP: 1/1
    39 | D:1      | Gained mutation: You may rarely emit foul miasma when
                  | damaged in melee. [demonic ancestry]
    39 | D:1      | Reached XP level 2. HP: 19/24 MP: 2/2
   489 | D:1      | Gained mutation: A meltable shield of frost defends you.
                  | (SH +0) [demonic ancestry]
   489 | D:1      | Reached XP level 3. HP: 29/29 MP: 3/3
   944 | D:2      | Found Syires's Book Shop.
  1028 | D:2      | Found Iquriobu's Book Emporium.
  1178 | D:2      | Noticed Sigmund
  1192 | D:2      | Slain by Sigmund

Illustrated notes

Levels and vault maps discovered:
D:1:      sevenhm_arrival_forest_fort_small_6, layout_loops_cross,
          roderic_lattice_a
D:2:      layout_basic, serial_shops, nicolae_shop_window_shopping,
          nicolae_shop_crystal, nicolae_shop_statue_plus, uniq_robin,
          uniq_sigmund

Skill      XL: |  1  2 |
---------------+-------+-----
Armour         | 3 |  3.2
Long Blades    | 2 |  2.8
Fighting       | |  3.5
Dodging        | |  0.4
Shields        | |  2.6

Action                     || total
---------------------------++-------
  Melee: Long sword        ||   113
    Use: Potion            ||     2
 Armour: Scale mail        ||    78
  Dodge: Dodged            ||    54
  Block: Other             ||     6

Table legend: (Time is in decaauts)
 A = Elapsed time spent in this place.
 B = Non-inter-level travel time spent in this place.
 C = Inter-level travel time spent in this place.
 D = Time resting spent in this place.
 E = Time spent auto-exploring this place.
 F = Levels seen in this place.
 G = Mean time per level.
                   A        B        C        D        E       F      G
               +--------+--------+--------+--------+--------+-----+--------+
         Total |   1224 |   1224 |      0 |      0 |    963 |   2 |  612.0 |
       Dungeon |   1224 |   1224 |      0 |      0 |    963 |   2 |  612.0 |
               +--------+--------+--------+--------+--------+-----+--------+

Top non-repeatable levels by time:
     D:1: 833 daAuts
     D:2: 391 daAuts
